 Dungeon Crawl Stone Soup version 0.24.0-35-gdb84b6a5db (webtiles) character file.

Game seed: 1435946653675032342, levelgen mode: deterministic

8542 eccles the Cleaver (level 11, -7/84 HPs)
             Began as a Demonspawn Berserker on Nov 13, 2019.
             Was a High Priest of Trog.
             Mangled by a brown ugly thing (10 damage)
             ... on level 10 of the Dungeon on Nov 20, 2019.
             The game lasted 01:18:05 (12066 turns).

eccles the Cleaver (Demonspawn Berserker)          Turns: 12066, Time: 01:18:06

Health: -7/84      AC:  4    Str: 26    XL:     11   Next: 11%
Magic:  10/10      EV:  6    Int: 10    God:    Trog [*****.]
Gold:   902        SH: 11    Dex: 13    Spells: 10/10 levels left

rFire    + . .     SeeInvis .   a - +1 hand axe
rCold    + . .     Gourm    .   w - +1 shield
rNeg     . . .     Faith    .   M - +0 plate armour
rPois    .         Spirit   .   (helmet restricted)
rElec    .         Reflect  .   e - scarf {rC+ rF+}
rCorr    .         Harm     .   T - +0 pair of gloves
MR       .....                  (no boots)
Stlth    ..........             (no amulet)
HPRegen  0.24/turn              l - ring of ice
MPRegen  0.12/turn              y - ring of fire

@: mighty, corroded, berserk cooldown, slowed, very slow
A: antennae 2, thin metallic scales 1, clever 1, low mp 1, powered by death 1,
powered by pain 1, evolution 1
a: Berserk, Trog's Hand, Brothers in Arms, Renounce Religion


You were on level 10 of the Dungeon.
You worshipped Trog.
Trog was extremely pleased with you.
You were not hungry.

You visited 1 branch of the dungeon, and saw 11 of its levels.

You collected 902 gold pieces.

Inventory:

Hand Weapons
 a - a +1 hand axe (weapon)
 b - the +6 hunting sling "Ymnaz" {flame, +Inv Int-5 SInv}
   (You found it on level 4 of the Dungeon)

   It causes projectiles fired from it to burn those they strike, causing extra
   injury to most foes and up to half again as much damage against particularly
   susceptible opponents.
   It affects your intelligence (-5).
   It lets you see invisible.
   It lets you turn invisible.
 z - a +0 hunting sling
 K - the +11 trident "Ogreslayer" {freeze, Dex+3, unknown}
   (You found it on level 7 of the Dungeon)

   It has been specially enchanted to freeze those struck by it, causing extra
   injury to most foes and up to half again as much damage against particularly
   susceptible opponents.
   It can also slow down cold-blooded creatures.
   It affects your dexterity (+3).
 N - a +0 battleaxe
Missiles
 i - 49 bolts
 o - 186 stones
 p - 194 arrows
 q - 18 poisoned darts (quivered)
 O - 74 sling bullets
Armour
 e - a scarf of resistance (worn)
 g - a +0 scale mail
 n - a +0 animal skin
 t - a +0 buckler
 w - a +1 shield (worn)
 L - a +0 chain mail
 M - a +0 plate armour (worn)
 T - a +0 pair of gloves (worn)
Jewellery
 f - an uncursed ring of wizardry
 l - a ring of ice (left hand)
 y - a ring of fire (right hand)
 C - an uncursed ring of resist corrosion
 R - an uncursed ring of attention
 U - the ring of Xuemison {+Blink rElec EV+2 Str+7 Stlth-, unknown}
   (You found it on level 8 of the Dungeon)

   [ring of evasion]

   It affects your evasion (+2).
   It affects your strength (+7).
   It insulates you from electricity.
   It lets you blink.
   It makes you less stealthy.
 V - the amulet "Ysoefuri" {rElec rPois Regen+ Str+4, unknown}
   (You found it on level 8 of the Dungeon)

   [amulet of regeneration]

   It affects your strength (+4).
   It insulates you from electricity.
   It protects you from poison.
   It increases your rate of regeneration.
Wands
 k - a wand of random effects (27)
 v - a wand of digging (13)
 E - a wand of clouds (2)
Scrolls
 x - a scroll of remove curse
 A - 3 scrolls of fear
 F - 2 scrolls of teleportation
 J - a scroll of fog
 Q - a scroll of enchant armour
Potions
 d - a potion of resistance
 h - 2 potions of flight
 j - 2 potions of brilliance
 m - 2 potions of berserk rage
 r - a potion of might
 s - a potion of haste
 u - a potion of degeneration {unknown}
 B - a potion of agility {unknown}
 D - 2 potions of mutation
 G - 2 potions of cancellation {unknown}
 H - 4 potions of lignification
 I - a potion of magic {unknown}
 P - a potion of ambrosia {unknown}
Comestibles
 c - 17 rations


   Skills:
 + Level 7.6 Fighting
 * Level 10.2 Axes
 + Level 4.4(4.7) Slings
 + Level 1.8(3.4) Throwing
 * Level 7.9 Armour
 + Level 2.5 Dodging
 + Level 1.2 Stealth
 + Level 4.3 Shields
 + Level 0.7 Evocations


You had 10 spell levels left.
You didn't know any spells.
Your spell library was empty.

Dungeon Overview and Level Annotations

Branches:
Dungeon (11/15)            Temple (0/1) D:4            Lair (0/6) D:10
    Orc (0/2) D:9

Altars:
Kikubaaqudgha
Makhleb
Okawaru
Sif Muna
Trog
Uskayaw
Wu Jian
The Shining One

Annotations:
D:9 2 transporters, MJtheKandyman's ghost, journeyman HaHu


Innate Abilities, Weirdness & Mutations

You have a pair of antennae on your head.
You are partially covered in thin metallic scales. (AC +2)
You regenerate a little health from kills.
You sometimes gain a little power by taking damage.
Your mind is acute. (Int +2)
Your magical capacity is low. (-10% MP)
You evolve.


Message History

The brown ugly thing is moderately wounded.
You block the brown ugly thing's attack.
Your shield and plate armour prevent you from hitting the brown ugly thing.
The brown ugly thing is moderately wounded.
You hit the brown ugly thing.
The brown ugly thing is moderately wounded.
The brown ugly thing engulfs you!
* * * LOW HITPOINT WARNING * * *
You focus on the pain.
You feel very mighty all of a sudden.
You are splashed with acid.
* * * LOW HITPOINT WARNING * * *
There is an open door here.
You feel a strong urge to attack something.
You are no longer berserk.
You are exhausted.
You feel yourself slow down.
There is an open door here.
The brown ugly thing engulfs you!
You die...

#.# #..# #.## ##.# #..##
#.# ##..# #.# ##.# #.# #.#
#.# #.# #.# #.# #.# #@#
#.# #u# #.# #o#
######.#### #########'##
#.........#
#[.........###....>....#
#..........'.#.........###
#..........#.............#
#..........###.........#.#
#..........# #.........#..


You could see a brown ugly thing and an orc.

Vanquished Creatures
  A death yak (D:10)
  2 two-headed ogres
  A deep elf mage (D:10)
  Psyche (D:8)
  An elephant (D:10)
  2 hornets
  A slime creature (D:8)
  5 yaks
  A hungry ghost (D:9)
  A water moccasin (D:10)
  3 orc warriors
  2 phantoms
  A sky beast (D:8)
  A black bear (D:9)
  3 ogres
  3 centaurs
  2 crocodiles (D:10)
  3 bullfrogs
  2 scorpions
  14 killer bees
  5 wights (D:7)
  A howler monkey (D:4)
  6 crimson imps
  A bullfrog zombie (D:5)
  4 hounds
  6 orc wizards
  3 centaur skeletons
  4 orc priests
  A bullfrog skeleton (D:5)
  Natasha (thrice) (D:4)
  4 iguanas
  8 worker ants
  Ijyb (D:3)
  A hound zombie (D:10)
  A hound skeleton (D:10)
  5 gnolls
  13 adders
  A howler monkey skeleton (D:4)
  4 shadow imps
  2 oozes (D:4)
  An adder skeleton (D:6)
  4 worms
  3 dart slugs
  4 leopard geckos
  28 orcs
  7 giant cockroaches
  9 goblins
  11 hobgoblins
  22 jackals
  5 quokkas
  9 bats
  9 frilled lizards
  A jackal skeleton (D:8)
  A jackal zombie (D:7)
  2 leopard gecko skeletons
  2 quokka skeletons (D:5)
  A quokka zombie (D:5)
  7 rats
250 creatures vanquished.

Notes
Turn   | Place    | Note
-------+----------+-------------------------------------------
     0 | D:1      | eccles the Demonspawn Berserker began the quest for the
                  | Orb.
     0 | D:1      | Reached XP level 1. HP: 18/18 MP: 1/1
    52 | D:1      | Reached skill level 3 in Axes
    52 | D:1      | Gained mutation: You have a pair of small antennae on your
                  | head. [demonic ancestry]
    52 | D:1      | Reached XP level 2. HP: 13/24 MP: 2/2
   468 | D:1      | Reached XP level 3. HP: 26/29 MP: 3/3
   826 | D:1      | Reached ** piety under Trog
  1066 | D:2      | Reached XP level 4. HP: 37/37 MP: 4/4
  1200 | D:2      | Found a bloodstained altar of Trog.
  1706 | D:2      | Upgraded the game from 0.24.0-29-g8ce449bc06 to
                  | 0.24.0-35-gdb84b6a5db
  2605 | D:3      | Reached XP level 5. HP: 26/43 MP: 5/5
  2734 | D:3      | Noticed an ogre
  2754 | D:3      | Killed an ogre
  2754 | D:3      | Reached skill level 4 in Axes
  2754 | D:3      | Reached skill level 1 in Slings
  2754 | D:3      | Reached skill level 1 in Throwing
  3063 | D:3      | Noticed Ijyb
  3076 | D:3      | Killed Ijyb
  3076 | D:3      | Gained mutation: You have a pair of antennae on your head.
                  | [demonic ancestry]
  3076 | D:3      | Reached XP level 6. HP: 49/49 MP: 6/6
  3151 | D:3      | Found an ancient bone altar of Kikubaaqudgha.
  3556 | D:4      | Found a staircase to the Ecumenical Temple.
  3610 | D:4      | Noticed Natasha
  3629 | D:4      | Killed Natasha
  3735 | D:4      | Noticed Natasha
  3738 | D:4      | Reached *** piety under Trog
  3797 | D:4      | Killed Natasha
  3890 | D:4      | Noticed Natasha
  3896 | D:4      | Killed Natasha
  4097 | D:4      | Reached skill level 5 in Fighting
  4234 | D:4      | Reached skill level 5 in Axes
  4355 | D:4      | Found a burning altar of Makhleb.
  4380 | D:4      | Gained mutation: You regenerate a little health from kills.
                  | [demonic ancestry]
  4380 | D:4      | Reached XP level 7. HP: 47/56 MP: 7/7
  4556 | D:4      | Got a warped hunting sling
  4656 | D:5      | Entered Level 5 of the Dungeon
  4678 | D:5      | Found a bloodstained altar of Trog.
  4710 | D:5      | Identified the +6 hunting sling "Ymnaz" {flame, +Inv Int-5
                  | SInv} (You found it on level 4 of the Dungeon)
  4779 | D:5      | Reached skill level 1 in Shields
  6124 | D:6      | Found a hide-covered altar of Uskayaw.
  6264 | D:6      | Reached XP level 8. HP: 64/64 MP: 8/8
  6412 | D:6      | Reached skill level 6 in Axes
  6745 | D:7      | Got a bloodstained trident
  6819 | D:7      | Reached **** piety under Trog
  7286 | D:7      | Found an iron altar of Okawaru.
  7592 | D:8      | Noticed a seven-headed hydra
  7957 | D:8      | Gained mutation: You are partially covered in thin metallic
                  | scales. (AC +2) [demonic ancestry]
  7957 | D:8      | Reached XP level 9. HP: 58/70 MP: 9/9
  8446 | D:8      | Noticed Psyche
  8447 | D:8      | Paralysed by Psyche for 6 turns
  8455 | D:8      | Paralysed by Psyche for 7 turns
  8565 | D:8      | Noticed a two-headed ogre
  8734 | D:9      | Noticed a two-headed ogre
  8743 | D:9      | Reached skill level 7 in Axes
  8752 | D:9      | Killed a two-headed ogre
  8752 | D:9      | Reached skill level 5 in Armour
  8763 | D:9      | Received a gift from Trog
  8811 | D:9      | Found a staircase to the Orcish Mines.
  9120 | D:9      | Found a transporter.
  9128 | D:9      | Noticed MJtheKandyman's ghost (journeyman HaHu)
  9128 | D:9      | Noticed a two-headed ogre
  9129 | D:9      | Noticed a two-headed ogre
  9130 | D:9      | Found a transporter.
  9131 | D:9      | Noticed a two-headed ogre
  9230 | D:9      | Found a glowing golden altar of the Shining One.
  9274 | D:9      | Found an ornate altar of the Wu Jian Council.
  9494 | D:9      | Found a shimmering blue altar of Sif Muna.
  9729 | D:10     | Entered Level 10 of the Dungeon
  9752 | D:10     | Noticed an elephant
  9764 | D:10     | Reached skill level 8 in Axes
  9767 | D:10     | Reached XP level 10. HP: 78/79 MP: 10/10
  9771 | D:10     | Noticed a death yak
  9786 | D:10     | Killed an elephant
  9788 | D:10     | Killed a death yak
  9789 | D:10     | Found a staircase to the Lair.
  9865 | D:10     | Reached skill level 9 in Axes
  9889 | D:10     | Noticed a deep elf mage
  9910 | D:10     | Reached skill level 1 in Stealth
  9942 | D:10     | Killed a deep elf mage
 10242 | D:10     | Paralysed by a hornet for 1 turns
 10260 | D:10     | Reached ***** piety under Trog
 10624 | D:10     | Received a gift from Trog
 11048 | D:8      | Killed Psyche
 11138 | D:8      | Noticed a two-headed ogre
 11424 | D:8      | Killed a two-headed ogre
 11424 | D:8      | Reached skill level 10 in Axes
 11424 | D:8      | Gained mutation: You sometimes gain a little power by
                  | taking damage. [demonic ancestry]
 11424 | D:8      | Reached XP level 11. HP: 84/84 MP: 11/11
 11498 | D:8      | Got a sparkling steel amulet
 11538 | D:8      | Paralysed by a hornet for 2 turns
 11554 | D:8      | Gained mutation: Your magical capacity is low. (-10% MP)
                  | [potion of mutation]
 11554 | D:8      | Gained mutation: You evolve. [potion of mutation]
 11554 | D:8      | Gained mutation: Your mind is acute. (Int +2) [potion of
                  | mutation]
 11555 | D:8      | HP: 3/84 [poisoned by a hornet]
 11560 | D:8      | HP: 3/84 [poisoned by a hornet]
 11921 | D:8      | Got a pitted bone ring
 12035 | D:11     | Noticed a brown ugly thing
 12060 | D:10     | HP: 3/126 [acid (6)]
 12066 | D:10     | Mangled by a brown ugly thing

Levels and vault maps discovered:
D:1:      roderic_crossed_star, layout_loops_ring
D:2:      layout_loops_corners, bloody_trog, minmay_distorted
D:3:      layout_rooms, kiku_gazebo_garden_becter, chequers_mini_garden,
          hangedman_abyss_or_decor_lesser_grid, corexii_shack,
          lightli_corner_chamber, uniq_ijyb
D:4:      minmay_polygon_palace, layout_loops_corners, makhleb_heckhound_becter,
          temple_doors_e, uniq_natasha
D:5:      layout_basic, basic_altar, first_ration
D:6:      layout_loops_corners, eat_drink_and_be_merry_uskayaw,
          roderic_lattice_a
D:7:      layout_basic, okawaru_trees_1, grunt_ogre_cave
D:8:      layout_loops_cross, minmay_diamond_spiral, uniq_psyche
D:9:      layout_loops_ring, lemuel_doored_altar, david_orc_2, basic_altar,
          gammafunk_ghost_smash, minmay_splitting_lines, lemuel_blue_sif_altar
D:10:     layout_roguey, david_lair_generic
D:11:     kennysheep_kobold_lugonu_temple, layout_loops_cross, enter_bailey_1,
          nicolae_trove_entry_columns

Skill      XL: |  1  2  3  4  5  6  7  8  9 10 |
---------------+-------------------------------+-----
Axes           | 3 4 5 6 8 10 | 10.2
Dodging        | 2 |  2.5
Fighting       | 4 5 6 7 |  7.6
Armour         | 2 3 4 6 7 |  7.9
Slings         | 1 2 3 4 |  4.4
Throwing       | 1 |  1.8
Shields        | 1 2 3 4 |  4.3
Stealth        | 1 |  1.2
Evocations     | |  0.7

Action                   |  1- 3 |  4- 6 |  7- 9 | 10-12 || total
-------------------------+-------+-------+-------+-------++-------
Melee: Hand axe          |   122 |   237 |   409 |   341 ||  1109
       Hunting sling     |       |    43 |       |       ||    43
 Fire: Hunting sling     |       |    45 |   135 |       ||   180
Throw: Dart              |       |    27 |     2 |       ||    29
Invok: Berserk           |     1 |     3 |     4 |     8 ||    16
       Trog's Hand       |       |       |       |     1 ||     1
Evoke: Wand              |       |     7 |    11 |     1 ||    19
  Use: Scroll            |     1 |     6 |     9 |     4 ||    20
       Potion            |     1 |       |     1 |     5 ||     7
 Stab: Confused          |       |       |       |     2 ||     2
  Eat: Chunk             |     2 |     9 |    12 |     9 ||    32
       Ration            |       |     1 |     4 |     2 ||     7
Armor: Animal skin       |    13 |       |       |       ||    13
       Scale mail        |    58 |   154 |    65 |       ||   277
       Plate armour      |       |       |    96 |   166 ||   262
       Chain mail        |       |       |     4 |       ||     4
Dodge: Dodged            |   110 |   152 |    95 |    52 ||   409
Block: Buckler           |       |     7 |       |       ||     7
       Shield            |       |    54 |   172 |   148 ||   374
